 Dungeon Crawl Stone Soup version 0.22-a0-570-g58866f5d57 (webtiles) character file.

235 Kholdaimon the Charmwright (level 6, 0/50 HPs)
             Began as a Gnoll Skald on June 30, 2018.
             Slain by a gnoll
             ... wielding a +0 spear
              (6 damage)
             ... on level 4 of the Dungeon.
             The game lasted 00:24:12 (3351 turns).

Kholdaimon the Charmwright (Gnoll Skald)            Turns: 3351, Time: 00:24:13

Health: 0/50       AC:  8    Str: 15    XL:     6   Next: 5%
Magic:  1/13       EV: 14    Int: 15    God:
Gold:   211        SH:  0    Dex: 15    Spells: 9/15 levels left

rFire    + . .     SeeInvis .   a - +0 falchion
rCold    x . .     Gourm    .   (no shield)
rNeg     . . .     Faith    .   y - +3 leather armour
rPois    .         Spirit   .   (no helmet)
rElec    .         Reflect  .   v - +0 cloak
rCorr    .         Harm     .   j - +0 pair of gloves
MR       .....                  (no boots)
Stlth    ++........             (no amulet)
HPRegen  0.16/turn              c - ring of fire
MPRegen  0.13/turn              (no ring)

@: no status effects
A: distributed training, fangs 1, strong nose
a: no special abilities


You were on level 4 of the Dungeon.
You were not hungry.

You visited 2 branches of the dungeon, and saw 5 of its levels.

You collected 211 gold pieces.

Inventory:

Hand Weapons
 a - a +0 falchion (weapon)
Missiles
 k - 130 stones (quivered)
 l - 107 arrows
 q - 74 bolts
 r - 6 javelins
 t - 2 tomahawks
Armour
 j - a +0 pair of gloves (worn)
 v - a +0 cloak (worn)
 y - a +3 leather armour (worn)
Jewellery
 c - a ring of fire (left hand)
 g - an uncursed ring of ice {unknown}
Wands
 f - a wand of polymorph (20)
Scrolls
 b - a scroll of noise {unknown}
 e - 2 scrolls of magic mapping
 h - a scroll of immolation {unknown}
 i - 3 scrolls of identify
 p - a scroll of amnesia {unknown}
 s - 2 scrolls of remove curse {unknown}
 w - a scroll of teleportation {unknown}
 z - a scroll of blinking {unknown}
Potions
 m - a potion of might
 n - a potion of agility
 o - 3 potions of lignification
 u - a potion of haste
Comestibles
 d - 4 rations


   Skills:
 + Level 4.9 Fighting
 + Level 1.7 Short Blades
 + Level 4.9 Long Blades
 + Level 1.7 Axes
 + Level 1.7 Maces & Flails
 + Level 1.7 Polearms
 + Level 1.7 Staves
 + Level 1.7 Slings
 + Level 1.7 Bows
 + Level 1.7 Crossbows
 + Level 1.7 Throwing
 + Level 3.1 Armour
 + Level 4.9 Dodging
 + Level 1.7 Stealth
 + Level 1.7 Shields
 + Level 1.7 Unarmed Combat
 + Level 5.2 Spellcasting
 + Level 1.3 Conjurations
 + Level 1.3 Hexes
 + Level 5.6 Charms
 + Level 1.3 Summonings
 + Level 1.3 Necromancy
 + Level 1.3 Translocations
 + Level 1.3 Transmutations
 + Level 1.3 Fire Magic
 + Level 1.3 Ice Magic
 + Level 1.3 Air Magic
 + Level 1.3 Earth Magic
 + Level 1.3 Poison Magic
 + Level 1.9 Invocations
 + Level 1.7 Evocations


You had 9 spell levels left.
You knew the following spells:

 Your Spells              Type           Power        Failure   Level  Hunger
a - Infusion              Chrm           ###.         1%          1    None
b - Shroud of Golubria    Chrm/Tloc      ##........   7%          2    ##.....
c - Regeneration          Chrm/Necr      ##........   14%         3    ###....

Your spell library contained the following spells:

 Spells                   Type           Power        Failure   Level  Hunger
 Song of Slaying          Chrm           ###.....     3%          2    ##.....
 Spectral Weapon          Hex/Chrm       ##......     14%         3    ###....


Dungeon Overview and Level Annotations

Branches:
Dungeon (4/15)             Temple (1/1) D:4

Altars:
Ashenzari
Cheibriados
Elyvilon
Gozag
Hepliaklqana
Kikubaaqudgha
Makhleb
Nemelex Xobeh
Qazlal
Trog
Uskayaw
Vehumet
Wu Jian
Xom
Zin
The Shining One

Shops:
D:4 ([[*


Innate Abilities, Weirdness & Mutations

Your experience applies equally to all skills.
You have very sharp teeth.
Your uncanny sense of smell can sniff out nearby items.


Message History

The scorpion barely misses you. The gnoll completely misses you.
The gnoll barely misses you. The scorpion closely misses you.
You barely miss the scorpion.
The scorpion is almost dead.
The gnoll hits you from afar with a spear.
* * * LOW HITPOINT WARNING * * *
The gnoll hits you from afar with a spear.
* * * LOW HITPOINT WARNING * * *
The scorpion stings you but does no damage.
The gnoll hits you from afar with a spear.
* * * LOW HITPOINT WARNING * * *
You are no longer magically infusing your attacks.
The scorpion barely misses you.
You riposte.
You hit the scorpion.
You kill the scorpion!
You have reached level 6!
Your experience leads to an increase in your attributes!
Increase (S)trength, (I)ntelligence, or (D)exterity?
You feel stronger.
The gnoll hits you from afar with a spear.
You die...

#####...##### **####****,****
*** #####
####8##8##8**,**8***8*
#.'.......,,,∆,,,,,,,,
#.##8##8##8**,**8***8*
########.#**####****,**** ***
#........# #.# *8,8* *
#.....##.# #.# **,** **
#...#.##.#####.## **,*******,
#..##.......@...###8,8*,,,,,,
#..#####.###.†....#*,*****,**
#..#####.# ##g..###*,** *,*
#........# ##g.###8,8****,*
##.####### #g...#*,**,,*,*
#.# #.####*+**,,,,** #.#
*#)#* *,*,,,,,,, #.## *#...#*
*,,,*,***, #..##
*#.....#****,*,***,


You could see 3 gnolls.

Vanquished Creatures
  A scorpion (D:4)
  A crimson imp (D:2)
  4 gnolls (D:4)
  4 adders
  2 adder skeletons (D:4)
  3 worms
  A dart slug (D:2)
  A leopard gecko (D:1)
  An orc (D:4)
  9 bats
  4 giant cockroaches
  8 goblins
  2 hobgoblins (D:1)
  6 jackals (D:1)
  3 kobolds
  A quokka (D:2)
  4 frilled lizards
  A quokka skeleton (D:4)
  9 rats
65 creatures vanquished.

Notes
Turn   | Place    | Note
-------+----------+-------------------------------------------
     0 | D:1      | Kholdaimon the Gnoll Skald began the quest for the Orb.
     0 | D:1      | Reached XP level 1. HP: 20/20 MP: 6/6
    95 | D:1      | Reached XP level 2. HP: 24/26 MP: 7/7
    99 | D:1      | Learned a level 2 spell: Shroud of Golubria
   354 | D:1      | Reached XP level 3. HP: 31/31 MP: 9/9
   359 | D:1      | Learned a level 3 spell: Regeneration
   377 | D:1      | Reached skill level 5 in Spellcasting
  1008 | D:2      | Reached skill level 1 in Invocations
  1209 | D:2      | Reached skill level 1 in Short Blades
  1209 | D:2      | Reached skill level 1 in Axes
  1209 | D:2      | Reached skill level 1 in Maces & Flails
  1209 | D:2      | Reached skill level 1 in Polearms
  1209 | D:2      | Reached skill level 1 in Staves
  1209 | D:2      | Reached skill level 1 in Slings
  1209 | D:2      | Reached skill level 1 in Bows
  1209 | D:2      | Reached skill level 1 in Crossbows
  1209 | D:2      | Reached skill level 1 in Throwing
  1209 | D:2      | Reached skill level 1 in Stealth
  1209 | D:2      | Reached skill level 1 in Shields
  1209 | D:2      | Reached skill level 1 in Unarmed Combat
  1209 | D:2      | Reached skill level 1 in Evocations
  1209 | D:2      | Reached XP level 4. HP: 30/38 MP: 11/11
  1318 | D:2      | Reached skill level 1 in Conjurations
  1318 | D:2      | Reached skill level 1 in Hexes
  1318 | D:2      | Reached skill level 1 in Summonings
  1318 | D:2      | Reached skill level 1 in Necromancy
  1318 | D:2      | Reached skill level 1 in Translocations
  1318 | D:2      | Reached skill level 1 in Transmutations
  1318 | D:2      | Reached skill level 1 in Fire Magic
  1318 | D:2      | Reached skill level 1 in Ice Magic
  1318 | D:2      | Reached skill level 1 in Air Magic
  1318 | D:2      | Reached skill level 1 in Earth Magic
  1318 | D:2      | Reached skill level 1 in Poison Magic
  1664 | D:2      | Found an opulent altar of Gozag.
  1664 | D:2      | Found a bloodstained altar of Trog.
  1670 | D:2      | Found a hide-covered altar of Uskayaw.
  1672 | D:2      | Found an ornate altar of the Wu Jian Council.
  1678 | D:2      | Found an ancient bone altar of Kikubaaqudgha.
  1985 | D:3      | Reached XP level 5. HP: 39/43 MP: 8/12
  2687 | D:4      | Found a staircase to the Ecumenical Temple.
  2761 | Temple   | Entered the Ecumenical Temple
  3039 | D:4      | Found Dirchuci's Weapon Emporium.
  3043 | D:4      | Found Gyekkyh's Antique Armour Shoppe.
  3198 | D:4      | Found Yraxkack's Armour Boutique.
  3212 | D:4      | Found Dixo Nubo's Assorted Antiques.
  3214 | D:4      | Found a radiant altar of Vehumet.
  3351 | D:4      | Reached XP level 6. HP: 6/50 MP: 1/13
  3351 | D:4      | Slain by a gnoll

Vault maps used:
D:1:      eino_arrival_water_star, hex_medium
D:2:      chequers_temple_overflow_minitemple, first_ration, serial_bayou_lake_a
D:4:      nicolae_overflow_hidden_temple, grunt_temple_overflow_open,
          minmay_temple_entry_junction_2, serial_shops, shop, shop_fountains,
          shop_fountains, nicolae_shop_window_shopping, shop_fountains,
          dk_noncrumbling_2
Temple:   chequers_temple_sunken

Skill      XL: |  1  2  3  4  5 |
---------------+----------------+-----
Spellcasting   | 5 |  5.2
Invocations    | 1 |  1.9
Short Blades   | 1 |  1.7
Axes           | 1 |  1.7
Maces & Flails | 1 |  1.7
Polearms       | 1 |  1.7
Staves         | 1 |  1.7
Slings         | 1 |  1.7
Bows           | 1 |  1.7
Crossbows      | 1 |  1.7
Throwing       | 1 |  1.7
Stealth        | 1 |  1.7
Shields        | 1 |  1.7
Unarmed Combat | 1 |  1.7
Evocations     | 1 |  1.7
Conjurations   | 1 |  1.3
Hexes          | 1 |  1.3
Summonings     | 1 |  1.3
Necromancy     | 1 |  1.3
Translocations | 1 |  1.3
Transmutations | 1 |  1.3
Fire Magic     | 1 |  1.3
Ice Magic      | 1 |  1.3
Air Magic      | 1 |  1.3
Earth Magic    | 1 |  1.3
Poison Magic   | 1 |  1.3
Armour         | 3 |  3.1
Fighting       | |  4.9
Long Blades    | |  4.9
Dodging        | |  4.9
Charms         | |  5.6

Action                   |  1- 3 |  4- 6 || total
-------------------------+-------+-------++-------
Melee: Falchion          |   103 |   107 ||   210
       Bite              |    13 |    16 ||    29
Throw: Stone             |    10 |    24 ||    34
 Cast: Shroud of Golubri |     1 |     6 ||     7
       Infusion          |     1 |     5 ||     6
       Regeneration      |     1 |     3 ||     4
  Use: Scroll            |       |     5 ||     5
       Potion            |       |     1 ||     1
 Stab: Sleeping          |     2 |     2 ||     4
       Distracted        |       |     1 ||     1
  Eat: Chunk             |     1 |     5 ||     6
       Ration            |       |     1 ||     1
Armor: Leather armour    |    27 |    27 ||    54
Dodge: Dodged            |    91 |    82 ||   173
       Rpst.: Falchion   |    31 |    13 ||    44

Table legend:
 A = Spawn XP
 B = Non-spawn XP
 C = Spawn XP percentage of total XP
 D = Spawn monster count
 E = Non-spawn monster count
 F = Spawn count percentage of total count
 G = Total turns spent on level
                    A         B        C        D         E        F      G
               +---------+---------+-------+---------+---------+-------+---------
         Total |       0 |     336 |   0.0 |       0 |      65 |   0.0 |  3351
               +---------+---------+-------+---------+---------+-------+---------
           D:1 |       0 |      47 |   0.0 |       0 |      26 |   0.0 |   913
           D:2 |       0 |     110 |   0.0 |       0 |      20 |   0.0 |   972
           D:3 |       0 |      26 |   0.0 |       0 |       8 |   0.0 |   565
           D:4 |       0 |     153 |   0.0 |       0 |      11 |   0.0 |   688
               +---------+---------+-------+---------+---------+-------+---------
